 Dungeon Crawl Stone Soup version 0.30.1-9-gdf580d7c3d (webtiles) character file.

Game seed: 13277096498346750715

50 Ivernyr the Shield-Bearer (level 4, 37/37 HPs)
             Began as a Formicid Fighter on Oct 6, 2023.
             Got out of the dungeon alive.
             The game lasted 00:03:24 (1181 turns).

Ivernyr the Shield-Bearer (Formicid Fighter)        Turns: 1181, Time: 00:03:25

Health: 37/37      AC:  7    Str: 20    XL:     4   Next: 4%
Magic:  4/4        EV:  9    Int:  8    God:
Gold:   24         SH:  5    Dex: 15    Spells: 3/3 levels left

rFire   . . .        a - +0 long sword
rCold   . . .        c - +0 buckler
rNeg    . . .        b - +0 scale mail
rPois   .            (helmet unavailable)
rElec   .            (no cloak)
rCorr   .            (no gloves)
SInv    +            (no boots)
Will    .....        (no amulet) Stlth
                     (no ring)
HPRegen 0.26/turn    (no ring)
MPRegen 0.09/turn

%: no passive effects
@: no status effects
A: permanent stasis, dig shafts and tunnels, antennae 3, four strong arms
a: Dig, Shaft Self


You escaped.
You visited 1 branch of the dungeon, and saw 2 of its levels.

You collected 24 gold pieces.

Inventory:

Hand Weapons
 a - a +0 long sword (weapon)
Missiles
 j - a throwing net
Armour
 b - a +0 scale mail (worn)
 c - a +0 buckler (worn)
Scrolls
 e - 3 scrolls of identify {unknown}
 f - a scroll of vulnerability {unknown}
 g - a scroll of enchant weapon {unknown}
Potions
 d - a potion of might
 k - a potion of cancellation {unknown}
 l - a potion of ambrosia {unknown}


   Skills:
 + Level 3.7 Fighting
 * Level 2.9 Long Blades
 + Level 3.7 Armour
 + Level 4.5 Shields


You had 3 spell levels left.
You didn't know any spells.
Your spell library was empty.

Dungeon Overview and Level Annotations

Branches:
Dungeon (2/15)

Altars:
Kikubaaqudgha


Innate Abilities, Weirdness & Mutations

You cannot be hasted, slowed, berserked, paralysed or teleported.
You can dig through walls and to a lower floor.
You have a pair of large antennae on your head. (SInv)
Your four strong arms can wield two-handed weapons with a shield.


Message History

The adder bites you but does no damage. x2
You hit the adder.
The adder is severely wounded.
You block the adder's attack.
You slash the adder!
You kill the adder!
You have reached level 4!
You feel clever.
(D) Dungeon
Where to? (Enter - D:2, ? - help)
What level of the Dungeon? (default 1, ? - help)
An endoplasm comes into view.
You are starting to lose your buoyancy.
The endoplasm quivers.
The endoplasm closely misses you.
You hit the endoplasm but do no damage. The endoplasm freezes you.
You are frozen.
You slash the endoplasm!
You kill the endoplasm!
You float gracefully downwards.
There is a stone staircase leading up here.
You climb upwards.
There is a stone staircase leading down here.
(D) Dungeon
Where to? (Enter - D:1 @ (x,y), ? - help)
What level of the Dungeon? (default 1, ? - help)
Things that are here:
4 stones; a +0 dagger
There is an open door here.
There is an open door here.
HP restored.
You open the door.
There is an open door here.
There is a dry fountain here.
You enter the shallow water.
Moving in this stuff is going to be slow.
There is a staircase leading out of the dungeon here.
Are you sure you want to leave the Dungeon?
This will make you lose the game!
You have escaped!

.##.#############........########
.#.......................#
......##################.#
......# #≈≈≈≈≈≈≈≈≈≈≈≈≈#.# ......#
#≈≈≈≈≈≈≈≈≈≈≈≈≈#.# .######
#≈≈≈~~≈~≈~≈≈≈≈#.#
.#########≈≈~~~~~~~~≈≈≈#.#
.........#≈≈~~~...~~~≈≈#.#
.........#≈≈~~..@..~~~≈#.###
.........#≈~~~~...~~~≈≈#...#
#####....#≈≈≈~~~~~~≈≈≈≈#.#.#
#....#≈≈≈~~~~~~≈≈≈≈#.#.#
#....#≈≈≈≈~~~~~≈≈≈≈#.#.#
######≈≈≈≈~≈~≈~≈≈≈≈#.#.#
#≈≈≈≈~~~~~~≈≈≈#.#.#
#≈≈≈~~≈~≈~~~≈≈#.#.#
#≈≈≈~≈≈~≈≈~~≈≈#[#.#


There were no monsters in sight!

Vanquished Creatures
  An adder (D:2)
  A dart slug (D:2)
  4 endoplasms
  4 giant cockroaches (D:1)
  4 hobgoblins
  3 jackals
  6 ball pythons
  4 frilled lizards (D:1)
  3 goblins (D:1)
  5 kobolds
  3 rats
38 creatures vanquished.

Notes
Turn   | Place    | Note
-------+----------+-------------------------------------------
     0 | D:1      | Ivernyr the Formicid Fighter began the quest for the Orb.
     0 | D:1      | Reached XP level 1. HP: 18/18 MP: 1/1
    96 | D:1      | Reached XP level 2. HP: 20/24 MP: 2/2
   352 | D:1      | Found a faded altar of an unknown god.
   408 | D:1      | Reached XP level 3. HP: 29/29 MP: 3/3
   939 | D:2      | Found an ancient bone altar of Kikubaaqudgha.
  1054 | D:2      | Reached XP level 4. HP: 14/37 MP: 4/4
  1181 | D:$      | Got out of the dungeon alive.

Illustrated notes

Levels and vault maps discovered:
D:1:      zaba_arrival_water, layout_basic, shapermc_ecumenical_altar_ellora,
          grunt_decor_one_mirror
D:2:      minmay_alternating_diamond, layout_basic, basic_altar,
          serial_corexii_hall, corexii_hall_statues_l,
          chequers_hall_statues_wall_a, hex_tiny, lemuel_flame_loot_1

Action                     |  1- 3 |  4- 6 || total
---------------------------+-------+-------++-------
  Melee: Long sword        |   124 |     2 ||   126
    Use: Potion            |     2 |       ||     2
 Armour: Scale mail        |    52 |       ||    52
  Dodge: Dodged            |    62 |     1 ||    63
  Block: Buckler           |    43 |       ||    43
